 Dungeon Crawl Stone Soup version 0.31-a0-963-ga325b2283a (webtiles) character file.

Game seed: 9227705734045074392

27 baldrick the Trooper (level 2, 0/26 HPs)
             Began as a Draconian Fighter on Oct 24, 2023.
             Slain by Terence
             ... wielding a +0 hand axe
              (2 damage)
             ... on level 2 of the Dungeon.
             The game lasted 00:02:54 (1090 turns).

baldrick the Trooper (Draconian Fighter)            Turns: 1090, Time: 00:02:55

Health: 0/26       AC:  4    Str: 18    XL:     2   Next: 93%
Magic:  2/2        EV: 12    Int:  8    God:
Gold:   49         SH:  4    Dex: 10    Spells: 1/1 levels left

rFire   . . .        a - +0 war axe
rCold   . . .        b - +0 buckler
rNeg    . . .        (body armour unavailable)
rPois   .            (helmet restricted)
rElec   .            (no cloak)
rCorr   .            (no gloves)
SInv    .            (no boots)
Will    .....        (no amulet)
Stlth   +            (no ring)
HPRegen 0.24/turn    (no ring)
MPRegen 0.08/turn

%: no passive effects
@: no status effects
A: AC +4, unfitting armour, cold-blooded
a: no special abilities


You were on level 2 of the Dungeon.
You visited 1 branch of the dungeon, and saw 2 of its levels.

You collected 49 gold pieces.

Inventory:

Hand Weapons
 a - a +0 war axe (weapon)
Armour
 b - a +0 buckler (worn)
Jewellery
 e - a ring of magical power
Scrolls
 g - a scroll of blinking
 h - a scroll of noise {unknown}
 i - a scroll of amnesia {unknown}
Potions
 c - a potion of might
 d - a potion of curing
 f - a potion of brilliance {unknown}


   Skills:
 * Level 3.6 Fighting
 * Level 2.5 Axes
 * Level 3.0 Dodging
 * Level 3.3 Shields


You had one spell level left.
You didn't know any spells.
Your spell library contained the following spells:

 Spells                   Type           Power      Damage    Failure   Level
 Shock                    Conj/Air       0%         1d3       50%         1
 Swiftness                Air            0%         N/A       86%         3
 Volatile Blastmotes      Fire/Tloc      0%         2d10      86%         3
 Airstrike                Air            0%         2d(0-16)  99%         4
 Fulminant Prism          Conj/Hex       0%         3d5       99%         4
 Iskenderun's Mystic Bla  Conj/Tloc      0%         2d3       99%         4


Dungeon Overview and Level Annotations

Branches:
Dungeon (2/15)

Altars:

Annotations:
D:2 Terence


Innate Abilities, Weirdness & Mutations

Your plain brown scales are hard. (AC +4)
You cannot fit into any form of body armour.
You are cold-blooded and may be slowed by cold attacks.


Message History

You see here a scroll labelled IPRAREUFRI.
You barely miss the hobgoblin. The hobgoblin completely misses you.
You closely miss the hobgoblin. The hobgoblin barely misses you.
You hit the hobgoblin.
You kill the hobgoblin!
Your Dodging skill increases to level 3!
i - a scroll labelled IPRAREUFRI Terence and a ball python come into view.
Terence shouts!
Terence hits you with a +0 hand axe!
You barely miss Terence. Terence misses you.
You hit Terence.
Terence is lightly wounded.
You block Terence's attack. Terence barely misses you.
You hit Terence but do no damage.
You tail-slap Terence, but do no damage.
Terence is lightly wounded.
Terence hits you with a +0 hand axe.
You closely miss Terence.
Terence is lightly wounded.
Terence closely misses you.
You slash Terence!
Terence is moderately wounded.
Terence hits you with a +0 hand axe! Terence hits you with a +0 hand axe.
You hit Terence but do no damage.
Terence is moderately wounded.
Terence misses you.
You completely miss Terence.
Your tail-slap misses Terence.
Terence is moderately wounded.
You block Terence's attack.
You slash Terence! You tail-slap Terence.
Terence is almost dead.
Terence hits you with a +0 hand axe!
* * * LOW HITPOINT WARNING * * *
Terence hits you with a +0 hand axe.
* * * LOW HITPOINT WARNING * * *
You barely miss Terence.
Terence is almost dead.
Terence hits you with a +0 hand axe.
You die...

#######
############......
#.........##.#####
#.####........####
#@# #.##.##.###..
#@# #.##.#####...
#S# #.##.# #..#
#.# #.##.# #..#
#.# #..#.# #..#
#.# ##.#.# #..#
#.# .#.# #..# #.#
.#.#####...
.......)..


You could see Terence and a ball python.

Vanquished Creatures
  2 endoplasms
  A giant cockroach (D:1)
  5 hobgoblins
  2 kobolds
  A quokka (D:2)
  7 ball pythons
  3 bats (D:1)
  A frilled lizard (D:1)
  2 rats (D:1)
24 creatures vanquished.

Notes
Turn   | Place    | Note
-------+----------+-------------------------------------------
     0 | D:1      | baldrick the Draconian Fighter began the quest for the Orb.
     0 | D:1      | Reached XP level 1. HP: 19/19 MP: 1/1
   263 | D:1      | Reached XP level 2. HP: 25/26 MP: 2/2
  1079 | D:2      | Noticed Terence
  1089 | D:2      | HP: 1/26 [Terence/+0 hand axe (3)]
  1090 | D:2      | Slain by Terence

Illustrated notes

Levels and vault maps discovered:
D:1:      eino_arrival_water_cross, layout_loops_ring
D:2:      cheibrodos_pilgrimage, layout_loops_ring, basic_altar, uniq_terence

Skill      XL: |  1  2 |
---------------+-------+-----
Dodging        | 3 |  3.0
Fighting       | |  3.6
Axes           | |  2.5
Shields        | |  3.3

Action                     || total
---------------------------++-------
  Melee: War axe           ||    95
         Tailslap          ||     6
    Use: Scroll            ||     4
 Armour: Skin              ||    63
  Dodge: Dodged            ||    66
  Block: Buckler           ||    28

Table legend: (Time is in decaauts)
 A = Elapsed time spent in this place.
 B = Non-inter-level travel time spent in this place.
 C = Inter-level travel time spent in this place.
 D = Time resting spent in this place.
 E = Time spent auto-exploring this place.
 F = Levels seen in this place.
 G = Mean time per level.
                   A        B        C        D        E       F      G
               +--------+--------+--------+--------+--------+-----+--------+
         Total |   1132 |   1102 |     30 |      0 |    821 |   2 |  566.0 |
       Dungeon |   1132 |   1102 |     30 |      0 |    821 |   2 |  566.0 |
               +--------+--------+--------+--------+--------+-----+--------+

Top non-repeatable levels by time:
     D:1: 802 daAuts
     D:2: 329 daAuts
